 Dungeon Crawl Stone Soup version 0.19.1-1-g22dce08 (webtiles) character file.

67 Slime the Covered (level 3, -3/33 HPs)
             Began as a Minotaur Fighter on Jan 1, 2017.
             Was a Follower of Makhleb.
             Slain by an orc priest
             ... wielding a +0 flail
              (6 damage)
             ... on level 3 of the Dungeon.
             The game lasted 00:03:33 (1645 turns).

Slime the Covered (Minotaur Fighter)                Turns: 1645, Time: 00:03:34

Health: -3/33      AC:  7    Str: 21    XL:     3   Next: 98%
Magic:  2/2        EV:  7    Int:  5    God:    Makhleb [*.....]
Gold:   87         SH:  9    Dex:  9    Spells: 0 memorised, 2 levels left

rFire  . . .     SeeInvis .     a - +0 long sword
rCold  . . .     Gourm    +     b - +0 scale mail
rNeg   . . .     Faith    .     c - +0 shield
rPois  .         Spirit   .     (helmet restricted)
rElec  .         Reflect  .     (no cloak)
rCorr  .         Harm     .     (no gloves)
MR     .....                    (no boots)
Stlth  ..........               j - amulet of the gourmand
                                (no ring)
                                (no ring)

@: no status effects
A: retaliatory headbutt, horns 2
a: Renounce Religion


You were on level 3 of the Dungeon.
You worshipped Makhleb.
Makhleb was aware of your devotion.
You were not hungry.

You visited 1 branch of the dungeon, and saw 3 of its levels.

You collected 87 gold pieces.

Inventory:

Hand Weapons
 a - a +0 long sword (weapon)
 u - a +0 war axe of flaming
Armour
 b - a +0 scale mail (worn)
 c - a +0 shield (worn)
Jewellery
 j - an amulet of the gourmand (around neck)
Scrolls
 m - a scroll of enchant weapon {unknown}
 n - 3 scrolls of identify
 p - a scroll of recharging {unknown}
 s - a scroll of amnesia
Potions
 d - a potion of might
 e - a potion of brilliance {unknown}
 h - a potion of degeneration {unknown}
 i - 2 potions of curing {unknown}
 k - a potion of heal wounds {unknown}
 o - a potion of invisibility {unknown}
 q - a potion of mutation {unknown}
 r - a potion of lignification {unknown}
Books
 t - a book of Conjurations

   Spells                             Type                      Level
   a - Magic Dart                     Conjuration                  1
   b - Searing Ray                    Conjuration                  2
   c - Dazzling Spray                 Conjuration/Hexes            3
   d - Fulminant Prism                Conjuration/Hexes            4
   e - Iskenderun's Mystic Blast      Conjuration                  4
   f - Iskenderun's Battlesphere      Conjuration/Charms           5
Comestibles
 f - 5 bread rations
 g - 8 fruits
 l - 2 meat rations


   Skills:
 - Level 4.1 Fighting
 - Level 3.3 Long Blades
 - Level 4.2 Armour
 - Level 4.1 Shields
 * Level 1.3 Invocations


You had 2 spell levels left.
You didn't know any spells.

Dungeon Overview and Level Annotations

Branches:
Dungeon (3/15)

Altars:
Makhleb


Innate Abilities, Weirdness & Mutations

You reflexively headbutt those who attack you in melee.
You have a pair of horns on your head.


Message History

You slash the orc!
You kill the orc!
Makhleb accepts your kill.
You hit the orc priest.
You headbutt the orc priest, but do no damage.
The orc priest is moderately wounded.
The orc priest hits you but does no damage.
You closely miss the orc priest.
The orc priest is moderately wounded.
You block the orc priest's attack.
You hit the orc priest.
The orc priest is severely wounded.
The orc priest hits you with a flail.
You closely miss the orc priest.
The orc priest is severely wounded.
The orc priest mumbles some strange prayers to Beogh against you.
Beogh smites you!
* * * LOW HITPOINT WARNING * * *
The orc priest hits you with a flail.
You die...

##..... #...#
##.....## ###...##
#.......######.......
#....................
#............#.......
##.....#####.###...##
##...## #.# #...#
##.## #.# ##.### #@#
#># #...# #o# #.#
#.#.# ###.### #.#
#.#.# #.....# #.## #.#
# #.###.# #..# #.#
.o.. #.######.###.#
...!................#
#####.....######.#####
#.#.### #.#


You could see an orc priest.

Vanquished Creatures
  2 adders (D:2)
  2 oozes (D:1)
  A worm (D:2)
  A dart slug (D:2)
  2 leopard geckos
  3 orcs (D:3)
  A giant cockroach (D:1)
  3 goblins
  3 hobgoblins
  2 jackals (D:3)
  2 kobolds
  A quokka (D:3)
  3 bats
  2 frilled lizards
  3 rats (D:2)
31 creatures vanquished.

Notes
Turn   | Place    | Note
-------+----------+-------------------------------------------
     0 | D:1      | Slime the Minotaur Fighter began the quest for the Orb.
     0 | D:1      | Reached XP level 1. HP: 19/19 MP: 0/0
    55 | D:1      | Reached XP level 2. HP: 12/27 MP: 1/1
   685 | D:2      | Found a faded altar of an unknown god.
   696 | D:2      | Became a worshipper of Makhleb the Destroyer
   696 | D:2      | Reached * piety under Makhleb
   857 | D:2      | Reached XP level 3. HP: 33/33 MP: 2/2
  1597 | D:3      | Reached skill level 1 in Invocations
  1645 | D:3      | Slain by an orc priest

Skill      XL: |  1  2  3 |
---------------+----------+-----
Armour         | 4 |  4.2
Shields        | 4 |  4.1
Fighting       | 4 |  4.1
Long Blades    | 3 |  3.3
Invocations    | 1 |  1.3

Action                   || total
-------------------------++-------
Melee: Long sword        ||    85
       Headbutt          ||    12
  Use: Scroll            ||     4
  Eat: Chunk             ||    11
Armor: Scale mail        ||    45
Dodge: Dodged            ||    22
Block: Shield            ||    71
       Rpst.: Long sword ||     5
